 Seeded DCSS version 0.31-a0-236-g9a0961fb85 (webtiles) character file.

Game seed: 11330284121249248176 (custom seed)

322 innerfire43 the Slasher (level 6, 0/48 HPs)
             Began as a Demonspawn Monk on July 10, 2023.
             Was a Priest of Okawaru.
             Slain by an orc warrior
             ... wielding a +0 trident
              (11 damage)
             ... on level 4 of the Dungeon.
             The game lasted 00:02:10 (1948 turns).

innerfire43 the Slasher (Demonspawn Monk)           Turns: 1948, Time: 00:02:11

Health: 0/48       AC: 15    Str: 13    XL:     6   Next: 22%
Magic:  6/6        EV:  4    Int: 12    God:    Okawaru [***...]
Gold:   140        SH:  0    Dex: 15    Spells: 5/5 levels left

rFire   . . .        a - +0 falchion
rCold   . . .        d - orb {light}
rNeg    . . .        v - +0 plate armour
rPois   +            (helmet restricted)
rElec   .            o - +0 cloak
rCorr   .            (no gloves)
SInv    .            (no boots)
Will    .....        (no amulet) Stlth
                     m - ring of poison resistance
HPRegen 0.28/turn    (no ring)
MPRegen 0.10/turn

%: no passive effects
@: glowing
A: horns 1, slimy green scales 2
a: Renounce Religion, Heroism


You were on level 4 of the Dungeon.
You worshipped Okawaru.
Okawaru was most pleased with you.
You visited 1 branch of the dungeon, and saw 4 of its levels.

You collected 140 gold pieces.

Inventory:

Hand Weapons
 a - a +0 falchion (weapon)
Armour
 b - a +0 robe
 d - an orb of light (worn)
 o - a +0 cloak (worn)
 v - a +0 plate armour (worn)
Jewellery
 m - a ring of poison resistance (left hand)
Scrolls
 e - a scroll of revelation {unknown}
 h - 3 scrolls of identify {unknown}
 k - a scroll of fear {unknown}
 l - 4 scrolls of teleportation {unknown}
 p - 2 scrolls of enchant weapon {unknown}
 u - a scroll of summoning {unknown}
Potions
 c - a potion of ambrosia
 f - a potion of resistance {unknown}
 g - a potion of berserk rage {unknown}
 i - a potion of magic {unknown}
 j - a potion of invisibility {unknown}
 n - 2 potions of enlightenment {unknown}
 q - a potion of haste {unknown}
 s - a potion of curing {unknown}
 t - a potion of attraction {unknown}


   Skills:
 + Level 4.0 Fighting
 * Level 4.5 Long Blades
 * Level 2.5 Armour
 + Level 3.6 Dodging


You had 5 spell levels left.
You didn't know any spells.
Your spell library contained the following spells:

 Spells                   Type           Power      Damage    Failure   Level
 Kiss of Death            Conj/Necr      0%         2d5       100%        1
 Confusing Touch          Hex            0%         N/A       100%        3
 Hailstorm                Conj/Ice       0%         3d3       100%        3
 Dispel Undead            Necr           0%         3d6       100%        4
 Ice Form                 Ice/Tmut       0%         N/A       100%        4
 Simulacrum               Ice/Necr       Unusable   N/A       N/A         6

Dungeon Overview and Level Annotations

Branches:
Dungeon (4/15)
 Temple: D:4-7

Altars:
Kikubaaqudgha
Okawaru


Innate Abilities, Weirdness & Mutations

You have a pair of small horns on your head.
You are mostly covered in slimy green scales. (AC +3)


Message History

The orc hits you but does no damage.
The orc warrior hits you from afar with a +0 trident.
Unknown command.
You barely miss the orc.
The orc warrior hits you but does no damage.
The orc barely misses you.
Unknown command.
You hit the orc. You headbutt the orc.
The orc is heavily wounded.
The orc hits you with a +2 whip of pain.
* * * LOW HITPOINT WARNING * * *
The orc warrior barely misses you.
Unknown command.
You hit the orc.
You kill the orc!
Okawaru accepts your kill.
The orc warrior hits you from afar with a +0 trident.
* * * LOW HITPOINT WARNING * * *
Unknown command.
It was a potion of heal wounds.
You feel much better.
The orc warrior hits you from afar with a +0 trident!
The orc warrior hits you with a +0 trident!
Things that are here:
a +2 whip of pain; 2 boomerangs; an orc corpse You barely miss the orc warrior.
The orc warrior hits you but does no damage.
You slash the orc warrior!
The orc warrior is moderately wounded.
The orc warrior hits you but does no damage.
You barely miss the orc warrior.
The orc warrior is moderately wounded.
The orc warrior hits you with a +0 trident!
* * * LOW HITPOINT WARNING * * *
You barely miss the orc warrior.
The orc warrior is moderately wounded.
The orc warrior hits you but does no damage.
You hit the orc warrior but do no damage.
The orc warrior is moderately wounded.
The orc warrior hits you with a +0 trident!
You die...

.. .... .. .......
#. .......$. # ###.
.........
.#.#...###........
........##........
......o)#.........
#..@.......#.. ...
##..#......... ..
#...#.$....... ..
###..#........# .
....##........##.#
...............#.##
..................#
......#.....#.<....#
#.#..#..##.....†####


You could see an orc warrior.

Vanquished Creatures
  Sigmund (D:3)
  A black bear (D:4)
  An adder (D:2)
  2 worms (D:2)
  A dart slug (D:2)
  3 orcs
  4 ball pythons
  4 bats
  4 endoplasms
  A giant cockroach (D:3)
  5 goblins
  3 hobgoblins
  6 quokkas
  2 kobolds
  A rat (D:1)
39 creatures vanquished.

Notes
Turn   | Place    | Note
-------+----------+-------------------------------------------
     0 | D:1      | innerfire43 the Demonspawn Monk began the quest for the
                  | Orb.
     0 | D:1      | Reached XP level 1. HP: 18/18 MP: 1/1
   367 | D:1      | Gained mutation: You are partially covered in slimy green
                  | scales. (AC +2) [demonic ancestry]
   367 | D:1      | Reached XP level 2. HP: 21/24 MP: 2/2
   512 | D:1      | Found a faded altar of an unknown god.
   718 | D:1      | Prayed at the altar of an unknown god.
   718 | D:1      | Became a worshipper of Warmaster Okawaru
   718 | D:1      | Reached * piety under Okawaru
   718 | D:1      | Reached ** piety under Okawaru
   866 | D:2      | Found an ancient bone altar of Kikubaaqudgha.
   956 | D:2      | Reached XP level 3. HP: 29/29 MP: 3/3
   979 | D:2      | Reached *** piety under Okawaru
  1461 | D:3      | Noticed Sigmund
  1473 | D:3      | Killed Sigmund
  1474 | D:3      | Gained mutation: You are mostly covered in slimy green
                  | scales. (AC +3) [demonic ancestry]
  1474 | D:3      | Reached XP level 4. HP: 29/37 MP: 4/4
  1474 | D:3      | Reached XP level 5. HP: 33/42 MP: 5/5
  1875 | D:4      | Noticed a black bear
  1883 | D:4      | Killed a black bear
  1884 | D:4      | Gained mutation: You have a pair of small horns on your
                  | head. [demonic ancestry]
  1884 | D:4      | Reached XP level 6. HP: 40/48 MP: 6/6
  1931 | D:4      | Noticed an orc warrior
  1948 | D:4      | Slain by an orc warrior

Illustrated notes

Levels and vault maps discovered:
D:1:      dpeg_arrival_rooms_a, layout_loops_ring,
          dreamdust_ecumenical_altar_angels_and_demons, minmay_fountain_box
D:2:      layout_rooms, basic_altar, dk_vineyard_3
D:3:      layout_rooms, uniq_sigmund
D:4:      layout_cave_pools

Skill      XL: |  1  2  3  4  5 |
---------------+----------------+-----
Long Blades    | 3 4 |  4.5
Dodging        | 3 |  3.6
Armour         | 2 |  2.5
Fighting       | 4 |  4.0

Action                     |  1- 3 |  4- 6 || total
---------------------------+-------+-------++-------
  Melee: Falchion          |    95 |    24 ||   119
         Headbutt          |       |     2 ||     2
    Use: Potion            |       |     1 ||     1
 Armour: Robe              |    14 |       ||    14
         Plate armour      |    19 |    26 ||    45
  Dodge: Dodged            |    47 |     9 ||    56

Table legend: (Time is in decaauts)
 A = Elapsed time spent in this place.
 B = Non-inter-level travel time spent in this place.
 C = Inter-level travel time spent in this place.
 D = Time resting spent in this place.
 E = Time spent auto-exploring this place.
 F = Levels seen in this place.
 G = Mean time per level.
                   A        B        C        D        E       F      G
               +--------+--------+--------+--------+--------+-----+--------+
         Total |   1962 |   1773 |    189 |      0 |   1453 |   4 |  490.5 |
       Dungeon |   1962 |   1773 |    189 |      0 |   1453 |   4 |  490.5 |
               +--------+--------+--------+--------+--------+-----+--------+

Top non-repeatable levels by time:
     D:1: 765 daAuts
     D:2: 573 daAuts
     D:3: 549 daAuts
     D:4: 74 daAuts
